Penguins vs Capitals

Created - March 19 2012 at 18:13

Goals
1 2 3 T
Penguins 1 0 1 2
Capitals 1 2 2 5
Shots
1 2 3 T
Penguins 9 10 14 33
Capitals 12 9 7 28

Period #1

1. Capitals , Alexander Semin 48 (David Desharnais) at 0:48
2. Penguins , Matt Moulson 33 (Ryan Suter) at 10:09

Penalties :
Douglas Murray (WSH) for Roughing (Minor) at 3:46, Steve Eminger (WSH) for High sticking (Minor) at 6:23, Alexander Edler (PIT) for Holding (Minor) at 14:09

Period #2

3. Capitals , Alexander Semin 49 (David Desharnais, Tomas Fleischmann) at 8:28
4. Capitals , David Desharnais 13 (Alexander Semin, Mike Green) at 9:47 (PP)

Penalties :
Ryane Clowe (WSH) for Hooking (Minor) at 1:55, Steve Eminger (WSH) for Roughing (Minor) at 4:09, Alexander Edler (PIT) for Goalie Interference (Minor) at 8:31, Trent Hunter (WSH) for Holding Stick (Minor) at 11:16, Ryan Suter (PIT) for Holding (Minor) at 11:16, Drew Stafford (PIT) for Roughing (Minor) at 14:36

Period #3

5. Capitals , Alexander Ovechkin 42 (Marc Methot, Jeff Halpern) at 7:28 (SH)
6. Penguins , Brad Richards 27 (Lubomir Visnovsky, Matt Moulson) at 11:22
7. Capitals , Tomas Fleischmann 24 (Mike Green, Alexander Semin) at 18:37 (PP)

Penalties :
Ryan McDonagh (WSH) for Holding (Minor) at 0:52, Douglas Murray (WSH) for Elbowing (Minor) at 5:38, Mark Letestu (PIT) for Delaying the game (Minor) at 13:02, Marc Methot (WSH) for Hooking (Minor) at 13:32, Ryan McDonagh (WSH) for Hooking (Minor) at 14:56, Ryan Callahan (PIT) for Holding (Minor) at 16:42, Ryan Callahan (PIT) for Roughing (Minor) at 19:49

Goalie Stats

Brent Johnson (PIT), 5 saves from 6 shots - (0.833), 12:32 minutes
Marc-Andre Fleury (PIT), 18 saves from 22 shots - (0.818), L, 32-14-4, 47:28 minutes
Jimmy Howard (WSH), 31 saves from 33 shots - (0.939), W, 43-17-3, 60:00 minutes

Players Stats

Penguins
Player Name              G  A  P  +/- PIM S  H  SB FO    MP 
------------------------------------------------------------
Alex Steen               0  0  0   0  0   1  1  1  0/1   14 
Alexander Edler          0  0  0  -1  4   2  0  0  0/0   21 
Brad Richards            1  0  1   2  0   5  1  0  20/31 20 
Brooks Orpik             0  0  0  -1  0   0  0  1  0/0   9  
Dan Girardi              0  0  0  -2  0   1  0  0  0/0   22 
Drew Stafford            0  0  0  -2  2   1  0  0  1/2   19 
Jake Dowell              0  0  0   0  0   0  0  0  2/5   4  
James Neal               0  0  0  -1  0   1  1  0  0/1   6  
Jason Pominville         0  0  0  -1  0   2  1  0  1/1   17 
Joe Pavelski             0  0  0  -2  0   2  0  0  14/32 20 
Kevin Bieksa             0  0  0   0  0   1  0  0  0/0   8  
Kris Letang              0  0  0  -1  0   1  0  1  0/0   14 
Lubomir Visnovsky        0  1  1   2  0   10 0  0  0/0   23 
Mark Letestu             0  0  0  -1  2   0  0  0  11/20 16 
Mark Recchi              0  0  0  -1  0   1  0  0  1/2   17 
Matt Moulson             1  1  2   2  0   3  2  0  0/0   18 
Ryan Callahan            0  0  0   1  4   2  4  0  1/1   18 
Ryan Suter               0  1  1   1  2   0  0  3  0/0   23 
Capitals
Player Name              G  A  P  +/- PIM S  H  SB FO    MP 
------------------------------------------------------------
Alexander Ovechkin       1  0  1   1  0   5  6  0  1/2   22 
Alexander Semin          2  2  4   1  0   3  2  0  0/1   19 
Alexei Kovalev           0  0  0  -1  0   2  0  0  1/2   10 
David Desharnais         1  2  3   2  0   2  0  2  10/29 20 
Douglas Murray           0  0  0   1  4   0  6  1  0/0   10 
Jeff Halpern             0  1  1   0  0   2  0  0  18/27 19 
Kimmo Timonen            0  0  0  -1  0   2  0  1  0/0   23 
Marc Methot              0  1  1   1  2   1  2  0  0/0   18 
Mathieu Perreault        0  0  0   0  0   0  0  0  0/0   0  
Matt Stajan              0  0  0   0  0   1  1  0  13/27 18 
Mike Green               0  2  2   0  0   1  2  3  0/0   21 
Ryan McDonagh            0  0  0   0  4   1  2  0  0/0   17 
Ryane Clowe              0  0  0  -1  2   2  0  0  0/2   17 
Steve Eminger            0  0  0  -1  4   0  0  0  0/0   6  
Taylor Hall              0  0  0   0  0   4  0  0  2/5   15 
Tomas Fleischmann        1  1  2   1  0   2  2  0  0/1   14 
Trent Hunter             0  0  0   0  2   0  2  0  0/0   12 
Willie Mitchell          0  0  0   1  0   0  0  3  0/0   20 

3 Stars

1 - Alexander Semin (WSH)
2 - David Desharnais (WSH)
3 - Matt Moulson (PIT)

Power Play

Penguins - 0 on 8 Attempt(s) - 0.00%
Capitals - 2 on 6 Attempt(s) - 33.33%

Penalty Kill

Penguins - 4 on 6 Attempt(s) - 66.67% - Score 0 goal in Penalty Kill
Capitals - 8 on 8 Attempt(s) - 100.00% - Score 1 goal in Penalty Kill

Game Notes

Brent Johnson enters game at 7:28 of 3rd period

Finance

Level 1 -- Attendance: 5498 (84.58%) -- Ticket Income $549,800.00
Level 2 -- Attendance: 3539 (70.78%) -- Ticket Income $212,340.00
Level 3 -- Attendance: 3112 (88.91%) -- Ticket Income $108,920.00
Level 4 -- Attendance: 2672 (100.00%) -- Ticket Income $53,440.00
Luxury Box -- Attendance: 756 (75.60%) -- Ticket Income $151,200.00
Game was played at the Verizon Center
Total Attendance: 15577 (83.42%)
Total Ticket Income: $1,180,459.00
Other Income: $213,731.70
Total Income: $1,394,191.00


Play by Play

Period #1

0:01 of 1st period - Brad Richards wins face-off versus Matt Stajan in neutral zone.
0:38 of 1st period - Shot by Alexander Ovechkin.
0:38 of 1st period - Shot Misses the Net.
0:40 of 1st period - Shot by Kimmo Timonen.
0:40 of 1st period - Stopped by Marc-Andre Fleury with a rebound.
0:44 of 1st period - Shot by Mike Green.
0:44 of 1st period - Stopped by Marc-Andre Fleury without a rebound.
0:45 of 1st period - David Desharnais wins face-off versus Joe Pavelski in Penguins zone.
0:48 of 1st period - Shot by Alexander Semin.
0:48 of 1st period - Goal by Alexander Semin - Penguins : 0 - Capitals : 1.
0:49 of 1st period - Joe Pavelski wins face-off versus Taylor Hall in neutral zone.
0:55 of 1st period - Icing by Ryan McDonagh.
0:56 of 1st period - Jeff Halpern wins face-off versus Mark Letestu in Capitals zone.
0:56 of 1st period - Jeff Halpern is hit by Alex Steen.
1:23 of 1st period - Mark Letestu is hit by Marc Methot and loses puck.
1:32 of 1st period - Shot by Mark Recchi.
1:32 of 1st period - Shot Misses the Net.
3:00 of 1st period - Shot by Matt Moulson.
3:00 of 1st period - Stopped by Jimmy Howard without a rebound.
3:01 of 1st period - Mark Letestu wins face-off versus David Desharnais in Capitals zone.
3:19 of 1st period - Off-side.
3:20 of 1st period - Brad Richards wins face-off versus David Desharnais in neutral zone.
3:27 of 1st period - Shot by Matt Moulson.
3:27 of 1st period - Shot Blocked by David Desharnais.
3:31 of 1st period - Shot by Ryan Callahan.
3:31 of 1st period - Stopped by Jimmy Howard with a rebound.
3:34 of 1st period - Brad Richards is hit by Douglas Murray and loses puck.
3:46 of 1st period - Minor Penalty to Douglas Murray for Roughing.
3:47 of 1st period - Jeff Halpern wins face-off versus Joe Pavelski in Capitals zone.
4:32 of 1st period - Shot by Brad Richards.
4:32 of 1st period - Shot Misses the Net.
4:47 of 1st period - Shot by Brad Richards.
4:47 of 1st period - Shot Misses the Net.
4:51 of 1st period - Shot by Jason Pominville.
4:51 of 1st period - Shot Misses the Net.
5:05 of 1st period - Mike Green is hit by Matt Moulson and loses puck.
5:54 of 1st period - Shot by Matt Stajan.
5:54 of 1st period - Stopped by Marc-Andre Fleury with a rebound.
5:56 of 1st period - Shot by Matt Stajan.
5:56 of 1st period - Deflect By Alexander Ovechkin.
5:56 of 1st period - Stopped by Marc-Andre Fleury without a rebound.
5:57 of 1st period - David Desharnais wins face-off versus Mark Letestu in Penguins zone.
6:01 of 1st period - Icing by Brooks Orpik.
6:02 of 1st period - Mark Recchi wins face-off versus Tomas Fleischmann in Penguins zone.
6:07 of 1st period - Tomas Fleischmann is hit by James Neal and loses puck.
6:20 of 1st period - Shot by James Neal.
6:20 of 1st period - Stopped by Jimmy Howard without a rebound.
6:21 of 1st period - Mark Letestu wins face-off versus Alexander Ovechkin in Capitals zone.
6:23 of 1st period - Minor Penalty to Steve Eminger for High sticking.
6:24 of 1st period - Jeff Halpern wins face-off versus Brad Richards in Capitals zone.
7:36 of 1st period - Shot by Dan Girardi.
7:36 of 1st period - Shot Misses the Net.
8:37 of 1st period - Shot by David Desharnais.
8:37 of 1st period - Stopped by Marc-Andre Fleury with a rebound.
10:09 of 1st period - Shot by Matt Moulson.
10:09 of 1st period - Goal by Matt Moulson - Penguins : 1 - Capitals : 1.
10:10 of 1st period - Jeff Halpern wins face-off versus Mark Letestu in neutral zone.
10:13 of 1st period - Shot by Ryan McDonagh.
10:13 of 1st period - Stopped by Marc-Andre Fleury without a rebound.
10:14 of 1st period - Jeff Halpern wins face-off versus Mark Letestu in Penguins zone.
10:51 of 1st period - Shot by Taylor Hall.
10:51 of 1st period - Stopped by Marc-Andre Fleury without a rebound.
10:52 of 1st period - Brad Richards wins face-off versus David Desharnais in Penguins zone.
11:09 of 1st period - Shot by Alexander Semin.
11:09 of 1st period - Shot Misses the Net.
11:11 of 1st period - Shot by Alexander Semin.
11:11 of 1st period - Shot Blocked by Ryan Suter.
11:13 of 1st period - Shot by Tomas Fleischmann.
11:13 of 1st period - Stopped by Marc-Andre Fleury without a rebound.
11:14 of 1st period - Matt Stajan wins face-off versus Joe Pavelski in Penguins zone.
12:05 of 1st period - Alexander Semin is hit by Ryan Callahan and loses puck.
12:14 of 1st period - Shot by Brad Richards.
12:14 of 1st period - Shot Blocked by Douglas Murray.
12:18 of 1st period - Shot by Brad Richards.
12:18 of 1st period - Stopped by Jimmy Howard with a rebound.
12:20 of 1st period - Shot by Lubomir Visnovsky.
12:20 of 1st period - Stopped by Jimmy Howard without a rebound.
12:21 of 1st period - Jeff Halpern wins face-off versus Mark Letestu in Capitals zone.
12:53 of 1st period - Shot by Taylor Hall.
12:53 of 1st period - Stopped by Marc-Andre Fleury without a rebound.
12:54 of 1st period - Ryan Callahan wins face-off versus Matt Stajan in Penguins zone.
12:54 of 1st period - Ryan Callahan is hit by Alexander Ovechkin.
13:02 of 1st period - Ryan Callahan is hit by Alexander Ovechkin and loses puck.
13:20 of 1st period - Icing by Ryan Callahan.
13:21 of 1st period - Brad Richards wins face-off versus David Desharnais in Penguins zone.
13:33 of 1st period - Shot by Brad Richards.
13:33 of 1st period - Shot Misses the Net.
13:35 of 1st period - Shot by Lubomir Visnovsky.
13:35 of 1st period - Stopped by Jimmy Howard with a rebound.
13:41 of 1st period - Shot by Matt Moulson.
13:41 of 1st period - Stopped by Jimmy Howard without a rebound.
13:42 of 1st period - Jeff Halpern wins face-off versus Joe Pavelski in Capitals zone.
13:42 of 1st period - Jeff Halpern is hit by Jason Pominville.
14:09 of 1st period - Minor Penalty to Alexander Edler for Holding.
14:10 of 1st period - David Desharnais wins face-off versus Jake Dowell in Penguins zone.
14:33 of 1st period - Shot by Alexander Semin.
14:33 of 1st period - Stopped by Marc-Andre Fleury without a rebound.
14:34 of 1st period - Matt Stajan wins face-off versus Mark Letestu in Penguins zone.
14:39 of 1st period - Shot by Marc Methot.
14:39 of 1st period - Shot Blocked by Ryan Suter.
15:48 of 1st period - Shot by Alexander Semin.
15:48 of 1st period - Shot Blocked by Alex Steen.
16:16 of 1st period - Shot by Joe Pavelski.
16:16 of 1st period - Stopped by Jimmy Howard without a rebound.
16:17 of 1st period - Brad Richards wins face-off versus Jeff Halpern in Capitals zone.
16:39 of 1st period - Off-side.
16:40 of 1st period - Matt Stajan wins face-off versus James Neal in neutral zone.
17:35 of 1st period - Icing by Douglas Murray.
17:36 of 1st period - Joe Pavelski wins face-off versus David Desharnais in Capitals zone.
17:45 of 1st period - Shot by Drew Stafford.
17:45 of 1st period - Shot Misses the Net.
18:23 of 1st period - Shot by Taylor Hall.
18:23 of 1st period - Deflect By Jeff Halpern.
18:23 of 1st period - Stopped by Marc-Andre Fleury without a rebound.
18:24 of 1st period - Matt Stajan wins face-off versus Brad Richards in Penguins zone.
19:04 of 1st period - Mike Green is hit by Ryan Callahan and loses puck.
19:20 of 1st period - Icing by Kimmo Timonen.
19:21 of 1st period - Mark Letestu wins face-off versus Matt Stajan in Capitals zone.
19:27 of 1st period - Icing by Kimmo Timonen.
19:28 of 1st period - Joe Pavelski wins face-off versus Matt Stajan in Capitals zone.
19:34 of 1st period - Icing by Kimmo Timonen.
19:35 of 1st period - Matt Stajan wins face-off versus Mark Letestu in Capitals zone.
19:50 of 1st period - Mark Recchi is hit by Alexander Ovechkin and loses puck.

Period #2

0:01 of 2nd period - Brad Richards wins face-off versus Matt Stajan in neutral zone.
0:14 of 2nd period - Icing by Kimmo Timonen.
0:15 of 2nd period - Joe Pavelski wins face-off versus Matt Stajan in Capitals zone.
0:18 of 2nd period - Shot by Jason Pominville.
0:18 of 2nd period - Shot Misses the Net.
0:20 of 2nd period - Shot by Joe Pavelski.
0:20 of 2nd period - Shot Misses the Net.
0:32 of 2nd period - Shot by Drew Stafford.
0:32 of 2nd period - Stopped by Jimmy Howard without a rebound.
0:33 of 2nd period - Brad Richards wins face-off versus David Desharnais in Capitals zone.
0:50 of 2nd period - Off-side.
0:51 of 2nd period - Jeff Halpern wins face-off versus Mark Letestu in neutral zone.
0:54 of 2nd period - Shot by Taylor Hall.
0:54 of 2nd period - Stopped by Marc-Andre Fleury without a rebound.
0:55 of 2nd period - Jeff Halpern wins face-off versus Joe Pavelski in Penguins zone.
1:02 of 2nd period - Shot by Taylor Hall.
1:02 of 2nd period - Shot Misses the Net.
1:18 of 2nd period - Shot by Jason Pominville.
1:18 of 2nd period - Stopped by Jimmy Howard without a rebound.
1:19 of 2nd period - Brad Richards wins face-off versus Matt Stajan in Capitals zone.
1:23 of 2nd period - Icing by Mike Green.
1:24 of 2nd period - Matt Stajan wins face-off versus Mark Recchi in Capitals zone.
1:41 of 2nd period - Shot by Alexander Ovechkin.
1:41 of 2nd period - Stopped by Marc-Andre Fleury with a rebound.
1:55 of 2nd period - Minor Penalty to Ryane Clowe for Hooking.
1:56 of 2nd period - Jason Pominville wins face-off versus David Desharnais in Capitals zone.
1:56 of 2nd period - Matt Moulson is hit by Ryan McDonagh and loses puck.
2:01 of 2nd period - Shot by Lubomir Visnovsky.
2:01 of 2nd period - Shot Blocked by Willie Mitchell.
2:03 of 2nd period - Shot by Lubomir Visnovsky.
2:03 of 2nd period - Shot Misses the Net.
2:05 of 2nd period - Shot by Alexander Edler.
2:05 of 2nd period - Shot Blocked by Willie Mitchell.
2:07 of 2nd period - Shot by Lubomir Visnovsky.
2:07 of 2nd period - Stopped by Jimmy Howard without a rebound.
2:08 of 2nd period - Joe Pavelski wins face-off versus David Desharnais in Capitals zone.
2:09 of 2nd period - Shot by Ryan Callahan.
2:09 of 2nd period - Stopped by Jimmy Howard without a rebound.
2:10 of 2nd period - David Desharnais wins face-off versus Drew Stafford in Capitals zone.
3:28 of 2nd period - Shot by Lubomir Visnovsky.
3:28 of 2nd period - Stopped by Jimmy Howard without a rebound.
3:29 of 2nd period - David Desharnais wins face-off versus Brad Richards in Capitals zone.
4:09 of 2nd period - Minor Penalty to Steve Eminger for Roughing.
4:10 of 2nd period - Alexander Ovechkin wins face-off versus Joe Pavelski in Capitals zone.
5:48 of 2nd period - Joe Pavelski is hit by Alexander Ovechkin and loses puck.
7:00 of 2nd period - Shot by Taylor Hall.
7:00 of 2nd period - Deflect By Ryane Clowe.
7:00 of 2nd period - Stopped by Marc-Andre Fleury without a rebound.
7:01 of 2nd period - Brad Richards wins face-off versus Matt Stajan in Penguins zone.
7:14 of 2nd period - Shot by Ryan Callahan.
7:14 of 2nd period - Shot Misses the Net.
7:57 of 2nd period - Icing by Dan Girardi.
7:58 of 2nd period - Jeff Halpern wins face-off versus Joe Pavelski in Penguins zone.
8:01 of 2nd period - Shot by Taylor Hall.
8:01 of 2nd period - Stopped by Marc-Andre Fleury without a rebound.
8:02 of 2nd period - Mark Letestu wins face-off versus David Desharnais in Penguins zone.
8:02 of 2nd period - Mark Letestu is hit by Douglas Murray.
8:24 of 2nd period - Shot by David Desharnais.
8:24 of 2nd period - Shot Blocked by Kris Letang.
8:28 of 2nd period - Shot by Alexander Semin.
8:28 of 2nd period - Goal by Alexander Semin - Penguins : 1 - Capitals : 2.
8:29 of 2nd period - Jeff Halpern wins face-off versus Joe Pavelski in neutral zone.
8:31 of 2nd period - Minor Penalty to Alexander Edler for Goalie Interference.
8:32 of 2nd period - Matt Stajan wins face-off versus Jake Dowell in Penguins zone.
8:37 of 2nd period - Shot by Mike Green.
8:37 of 2nd period - Deflect By Ryane Clowe.
8:37 of 2nd period - Stopped by Marc-Andre Fleury without a rebound.
8:38 of 2nd period - Mark Letestu wins face-off versus Matt Stajan in Penguins zone.
9:43 of 2nd period - Shot by Mike Green.
9:43 of 2nd period - Shot Misses the Net.
9:45 of 2nd period - Shot by Alexander Semin.
9:45 of 2nd period - Deflect By David Desharnais.
9:45 of 2nd period - Shot Misses the Net.
9:47 of 2nd period - Shot by David Desharnais.
9:47 of 2nd period - Goal by David Desharnais - Penguins : 1 - Capitals : 3.
9:48 of 2nd period - Taylor Hall wins face-off versus Joe Pavelski in neutral zone.
10:07 of 2nd period - Icing by Dan Girardi.
10:08 of 2nd period - Drew Stafford wins face-off versus Matt Stajan in Penguins zone.
11:16 of 2nd period - Minor Penalty to Trent Hunter for Holding Stick.
11:16 of 2nd period - Minor Penalty to Ryan Suter for Holding.
11:17 of 2nd period - Brad Richards wins face-off versus Alexander Semin in Penguins zone.
11:40 of 2nd period - Icing by Lubomir Visnovsky.
11:41 of 2nd period - Matt Stajan wins face-off versus Alex Steen in Penguins zone.
11:57 of 2nd period - Off-side.
11:58 of 2nd period - David Desharnais wins face-off versus Joe Pavelski in neutral zone.
12:00 of 2nd period - Off-side.
12:01 of 2nd period - David Desharnais wins face-off versus Joe Pavelski in neutral zone.
12:14 of 2nd period - Drew Stafford is hit by Alexander Semin.
12:15 of 2nd period - Icing by Drew Stafford.
12:16 of 2nd period - Matt Stajan wins face-off versus Joe Pavelski in Penguins zone.
12:35 of 2nd period - Shot by Joe Pavelski.
12:35 of 2nd period - Stopped by Jimmy Howard without a rebound.
12:36 of 2nd period - Brad Richards wins face-off versus David Desharnais in Capitals zone.
14:19 of 2nd period - Icing by Ryan McDonagh.
14:20 of 2nd period - Joe Pavelski wins face-off versus Jeff Halpern in Capitals zone.
14:36 of 2nd period - Minor Penalty to Drew Stafford for Roughing.
14:37 of 2nd period - Mark Letestu wins face-off versus David Desharnais in Penguins zone.
14:37 of 2nd period - Mark Letestu is hit by Alexander Ovechkin.
16:26 of 2nd period - Lubomir Visnovsky is hit by Alexander Ovechkin and loses puck.
16:31 of 2nd period - Shot by Alexander Ovechkin.
16:31 of 2nd period - Stopped by Marc-Andre Fleury without a rebound.
16:32 of 2nd period - Jake Dowell wins face-off versus Taylor Hall in Penguins zone.
16:38 of 2nd period - Icing by Alexander Semin.
16:39 of 2nd period - Jeff Halpern wins face-off versus Brad Richards in Capitals zone.
16:53 of 2nd period - Icing by Taylor Hall.
16:54 of 2nd period - Jeff Halpern wins face-off versus Joe Pavelski in Capitals zone.
17:09 of 2nd period - Joe Pavelski is hit by Trent Hunter and loses puck.
17:27 of 2nd period - Icing by Alexander Edler.
17:28 of 2nd period - Joe Pavelski wins face-off versus David Desharnais in Penguins zone.
18:07 of 2nd period - Shot by Kris Letang.
18:07 of 2nd period - Shot Misses the Net.
18:11 of 2nd period - Shot by Kris Letang.
18:11 of 2nd period - Stopped by Jimmy Howard without a rebound.
18:12 of 2nd period - Brad Richards wins face-off versus Matt Stajan in Capitals zone.
18:12 of 2nd period - Brad Richards is hit by Mike Green.
18:36 of 2nd period - Shot by Alexander Ovechkin.
18:36 of 2nd period - Stopped by Marc-Andre Fleury without a rebound.
18:37 of 2nd period - Mark Letestu wins face-off versus Jeff Halpern in Penguins zone.
19:07 of 2nd period - Shot by Mark Recchi.
19:07 of 2nd period - Stopped by Jimmy Howard with a rebound.
19:09 of 2nd period - Shot by Kevin Bieksa.
19:09 of 2nd period - Stopped by Jimmy Howard without a rebound.
19:10 of 2nd period - Alexei Kovalev wins face-off versus Joe Pavelski in Capitals zone.
19:23 of 2nd period - Shot by Joe Pavelski.
19:23 of 2nd period - Shot Misses the Net.
19:25 of 2nd period - Shot by Dan Girardi.
19:25 of 2nd period - Stopped by Jimmy Howard without a rebound.
19:26 of 2nd period - Brad Richards wins face-off versus David Desharnais in Capitals zone.
19:26 of 2nd period - Brad Richards is hit by Douglas Murray.
19:29 of 2nd period - Matt Moulson is hit by Douglas Murray and loses puck.
19:53 of 2nd period - Ryan Callahan is hit by Douglas Murray and loses puck.

Period #3

0:01 of 3rd period - Matt Stajan wins face-off versus Brad Richards in neutral zone.
0:09 of 3rd period - Lubomir Visnovsky is hit by Mike Green and loses puck.
0:14 of 3rd period - Shot by Ryan Callahan.
0:14 of 3rd period - Shot Blocked by Mike Green.
0:16 of 3rd period - Shot by Ryan Suter.
0:16 of 3rd period - Shot Blocked by Kimmo Timonen.
0:30 of 3rd period - Shot by Brad Richards.
0:30 of 3rd period - Stopped by Jimmy Howard without a rebound.
0:31 of 3rd period - Joe Pavelski wins face-off versus David Desharnais in Capitals zone.
0:32 of 3rd period - Shot by Alexander Edler.
0:32 of 3rd period - Stopped by Jimmy Howard with a rebound.
0:50 of 3rd period - Shot by Jason Pominville.
0:50 of 3rd period - Stopped by Jimmy Howard without a rebound.
0:51 of 3rd period - Mark Letestu wins face-off versus Jeff Halpern in Capitals zone.
0:51 of 3rd period - Mark Letestu is hit by Marc Methot.
0:52 of 3rd period - Minor Penalty to Ryan McDonagh for Holding.
0:53 of 3rd period - Jeff Halpern wins face-off versus Brad Richards in Capitals zone.
0:53 of 3rd period - Jeff Halpern is hit by Brad Richards.
2:19 of 3rd period - Icing by Drew Stafford.
2:20 of 3rd period - David Desharnais wins face-off versus Joe Pavelski in Penguins zone.
2:49 of 3rd period - Shot by Lubomir Visnovsky.
2:49 of 3rd period - Stopped by Jimmy Howard without a rebound.
2:50 of 3rd period - Jeff Halpern wins face-off versus Brad Richards in Capitals zone.
3:45 of 3rd period - Icing by Ryan McDonagh.
3:46 of 3rd period - Jeff Halpern wins face-off versus Brad Richards in Capitals zone.
3:46 of 3rd period - Ryan McDonagh is hit by Ryan Callahan and loses puck.
4:11 of 3rd period - Shot by Ryan Callahan.
4:11 of 3rd period - Shot Misses the Net.
4:40 of 3rd period - Off-side.
4:41 of 3rd period - David Desharnais wins face-off versus Joe Pavelski in neutral zone.
4:51 of 3rd period - Alexander Edler is hit by Alexander Semin and loses puck.
5:37 of 3rd period - Icing by Douglas Murray.
5:38 of 3rd period - Mark Letestu wins face-off versus David Desharnais in Capitals zone.
5:38 of 3rd period - Minor Penalty to Douglas Murray for Elbowing.
5:39 of 3rd period - Brad Richards wins face-off versus Ryane Clowe in Capitals zone.
5:44 of 3rd period - Shot by Lubomir Visnovsky.
5:44 of 3rd period - Stopped by Jimmy Howard with a rebound.
5:48 of 3rd period - Shot by Brad Richards.
5:48 of 3rd period - Stopped by Jimmy Howard without a rebound.
5:49 of 3rd period - Joe Pavelski wins face-off versus Ryane Clowe in Capitals zone.
6:03 of 3rd period - Shot by Dan Girardi.
6:03 of 3rd period - Shot Misses the Net.
6:31 of 3rd period - Shot by Lubomir Visnovsky.
6:31 of 3rd period - Stopped by Jimmy Howard without a rebound.
6:32 of 3rd period - David Desharnais wins face-off versus Brad Richards in Capitals zone.
6:32 of 3rd period - David Desharnais is hit by Matt Moulson.
7:28 of 3rd period - Shot by Alexander Ovechkin.
7:28 of 3rd period - Goal by Alexander Ovechkin - Penguins : 1 - Capitals : 4.
7:28 of 3rd period - Brent Johnson enters game.
7:29 of 3rd period - Jeff Halpern wins face-off versus Joe Pavelski in neutral zone.
8:59 of 3rd period - Ryan Callahan is hit by Douglas Murray and loses puck.
9:12 of 3rd period - Dan Girardi is hit by Tomas Fleischmann and loses puck.
9:37 of 3rd period - Shot by Taylor Hall.
9:37 of 3rd period - Shot Hit the Post.
11:04 of 3rd period - Icing by Willie Mitchell.
11:05 of 3rd period - Brad Richards wins face-off versus Jeff Halpern in Capitals zone.
11:18 of 3rd period - Shot by Ryan Callahan.
11:18 of 3rd period - Deflect By Matt Moulson.
11:18 of 3rd period - Shot Misses the Net.
11:22 of 3rd period - Shot by Brad Richards.
11:22 of 3rd period - Goal by Brad Richards - Penguins : 2 - Capitals : 4.
11:23 of 3rd period - Brad Richards wins face-off versus Matt Stajan in neutral zone.
11:26 of 3rd period - Mike Green is hit by Ryan Callahan.
12:06 of 3rd period - Icing by Matt Moulson.
12:07 of 3rd period - Brad Richards wins face-off versus Taylor Hall in Penguins zone.
12:09 of 3rd period - Icing by Lubomir Visnovsky.
12:10 of 3rd period - Brad Richards wins face-off versus Jeff Halpern in Penguins zone.
12:59 of 3rd period - Shot by Alex Steen.
12:59 of 3rd period - Shot Misses the Net.
13:02 of 3rd period - Minor Penalty to Mark Letestu for Delaying the game.
13:03 of 3rd period - Jake Dowell wins face-off versus David Desharnais in Penguins zone.
13:11 of 3rd period - Off-side.
13:12 of 3rd period - Matt Stajan wins face-off versus Jake Dowell in neutral zone.
13:15 of 3rd period - Shot by Alexei Kovalev.
13:15 of 3rd period - Stopped by Brent Johnson with a rebound.
13:32 of 3rd period - Minor Penalty to Marc Methot for Hooking.
13:33 of 3rd period - Joe Pavelski wins face-off versus David Desharnais in Capitals zone.
14:24 of 3rd period - Shot by Alex Steen.
14:24 of 3rd period - Stopped by Jimmy Howard without a rebound.
14:25 of 3rd period - Brad Richards wins face-off versus Matt Stajan in Capitals zone.
14:44 of 3rd period - Shot by Brad Richards.
14:44 of 3rd period - Stopped by Jimmy Howard without a rebound.
14:45 of 3rd period - Matt Stajan wins face-off versus Brad Richards in Capitals zone.
14:50 of 3rd period - Lubomir Visnovsky is hit by Matt Stajan and loses puck.
14:56 of 3rd period - Minor Penalty to Ryan McDonagh for Hooking.
14:57 of 3rd period - Joe Pavelski wins face-off versus Jeff Halpern in Capitals zone.
15:04 of 3rd period - Shot by Drew Stafford.
15:04 of 3rd period - Shot Blocked by Mike Green.
15:06 of 3rd period - Shot by Alexander Edler.
15:06 of 3rd period - Shot Blocked by Mike Green.
15:08 of 3rd period - Shot by Lubomir Visnovsky.
15:08 of 3rd period - Stopped by Jimmy Howard with a rebound.
15:12 of 3rd period - Shot by Alexander Edler.
15:12 of 3rd period - Stopped by Jimmy Howard without a rebound.
15:13 of 3rd period - Joe Pavelski wins face-off versus David Desharnais in Capitals zone.
16:04 of 3rd period - Shot by Lubomir Visnovsky.
16:04 of 3rd period - Stopped by Jimmy Howard with a rebound.
16:08 of 3rd period - Shot by Lubomir Visnovsky.
16:08 of 3rd period - Shot Blocked by David Desharnais.
16:10 of 3rd period - Shot by Brad Richards.
16:10 of 3rd period - Shot Blocked by Willie Mitchell.
16:12 of 3rd period - Shot by Lubomir Visnovsky.
16:12 of 3rd period - Stopped by Jimmy Howard without a rebound.
16:13 of 3rd period - Jeff Halpern wins face-off versus Brad Richards in Capitals zone.
16:35 of 3rd period - Off-side.
16:36 of 3rd period - Joe Pavelski wins face-off versus Jeff Halpern in neutral zone.
16:42 of 3rd period - Minor Penalty to Ryan Callahan for Holding.
16:43 of 3rd period - Matt Stajan wins face-off versus Joe Pavelski in Penguins zone.
18:19 of 3rd period - Shot by Kimmo Timonen.
18:19 of 3rd period - Shot Blocked by Brooks Orpik.
18:21 of 3rd period - Shot by Ryane Clowe.
18:21 of 3rd period - Shot Misses the Net.
18:23 of 3rd period - Shot by Kimmo Timonen.
18:23 of 3rd period - Stopped by Brent Johnson without a rebound.
18:24 of 3rd period - Taylor Hall wins face-off versus Mark Letestu in Penguins zone.
18:29 of 3rd period - Shot by Taylor Hall.
18:29 of 3rd period - Shot Blocked by Ryan Suter.
18:31 of 3rd period - Shot by Alexander Semin.
18:31 of 3rd period - Shot Misses the Net.
18:33 of 3rd period - Shot by Mike Green.
18:33 of 3rd period - Shot Misses the Net.
18:35 of 3rd period - Shot by Tomas Fleischmann.
18:35 of 3rd period - Shot Misses the Net.
18:37 of 3rd period - Shot by Tomas Fleischmann.
18:37 of 3rd period - Goal by Tomas Fleischmann - Penguins : 2 - Capitals : 5.
18:38 of 3rd period - Joe Pavelski wins face-off versus Jeff Halpern in neutral zone.
18:40 of 3rd period - Alexander Edler is hit by Ryan McDonagh and loses puck.
18:47 of 3rd period - Drew Stafford is hit by Trent Hunter.
19:01 of 3rd period - Shot by Jeff Halpern.
19:01 of 3rd period - Shot Misses the Net.
19:09 of 3rd period - Shot by Taylor Hall.
19:09 of 3rd period - Deflect By Jeff Halpern.
19:09 of 3rd period - Stopped by Brent Johnson without a rebound.
19:10 of 3rd period - Mark Letestu wins face-off versus Alexei Kovalev in Penguins zone.
19:29 of 3rd period - Shot by Alexei Kovalev.
19:29 of 3rd period - Stopped by Brent Johnson without a rebound.
19:30 of 3rd period - Brad Richards wins face-off versus David Desharnais in Penguins zone.
19:30 of 3rd period - Brad Richards is hit by Tomas Fleischmann.
19:49 of 3rd period - Minor Penalty to Ryan Callahan for Roughing.
19:50 of 3rd period - Mark Letestu wins face-off versus Matt Stajan in Penguins zone.
19:59 of 3rd period - Shot by Marc Methot.
19:59 of 3rd period - Stopped by Brent Johnson without a rebound.


Output by the SimonT Hockey Simulator (STHS) for Stephane Roy -- Original Page W3C XHTML 1.0 Valid